 Dungeon Crawl Stone Soup version 0.18.1-47-g9310371 (webtiles) character file.

72 rftp080 the Ruffian (level 4, -1/39 HPs)
             Began as a Troll Wizard on June 20, 2016.
             Was an Initiate of Okawaru.
             Slain by an ogre
             ... wielding a +0 giant club
              (26 damage)
             ... on level 3 of the Dungeon.
             The game lasted 00:03:23 (1446 turns).

rftp080 the Ruffian (Troll Wizard)                  Turns: 1446, Time: 00:03:24

Health: -1/39      AC:  6    Str: 15    XL:     4   Next: 7%
Magic:  6/6        EV:  9    Int: 15    God:    Okawaru [......]
Gold:   125        SH:  0    Dex:  8    Spells: 3 memorised, 2 levels left

rFire  . . .     SeeInvis .       - Unarmed
rCold  . . .     Gourm    +     a - +0 robe
rNeg   . . .     Faith    .     (no shield)
rPois  .         Spirit   .     b - +0 hat
rElec  .         Dismiss  .     r - +0 cloak
rCorr  .         Reflect  .     (gloves unavailable)
SustAt .         Harm     .     (boots unavailable)
MR     .....                    (no amulet)
Stlth  +.........               (no ring)
                                (no ring)

@: repel missiles, not resistant to hostile enchantments, very unstealthy
A: unfitting armour, claws 3, fast metabolism 3, gourmand, regeneration 2,
shaggy fur 1, tough skin 2
a: Renounce Religion


You were on level 3 of the Dungeon.
You worshipped Okawaru.
Okawaru was noncommittal.
You were full.

You visited 1 branch of the dungeon, and saw 3 of its levels.

You collected 125 gold pieces.

Inventory:

Missiles
 l - 3 throwing nets
 m - 66 stones (quivered)
 s - 6 tomahawks
Armour
 a - a +0 robe (worn)
 b - a +0 hat (worn)
 r - a +0 cloak (worn)
Jewellery
 n - an uncursed amulet of harm {unknown}
 p - an uncursed ring of fire {unknown}
Scrolls
 e - a scroll of immolation {unknown}
 f - a scroll of enchant armour {unknown}
 g - a scroll of magic mapping {unknown}
 i - 2 scrolls of amnesia {unknown}
 j - a scroll of identify {unknown}
 k - a scroll of enchant weapon {unknown}
 t - a scroll of remove curse {unknown}
 v - a scroll of noise {unknown}
Potions
 h - a potion of resistance {unknown}
 o - 3 potions of heal wounds {unknown}
Books
 c - a book of Minor Magic

   Spells                             Type                      Level
   a - Magic Dart                     Conjuration                  1
   b - Blink                          Translocation                2
   c - Call Imp                       Summoning                    2
   d - Repel Missiles                 Charms/Air                   2
   e - Slow                           Hexes                        2
   f - Conjure Flame                  Conjuration/Fire             3
   g - Mephitic Cloud                 Conjuration/Poison/Air       3
 q - a book of Callings

   Spells                             Type                      Level
   a - Summon Small Mammal            Summoning                    1
   b - Call Imp                       Summoning                    2
   c - Call Canine Familiar           Summoning                    3
   d - Summon Guardian Golem          Hexes/Summoning              3
   e - Summon Lightning Spire         Summoning/Air                4
   f - Summon Ice Beast               Ice/Summoning                4
Comestibles
 d - 3 bread rations
 u - a meat ration
 w - 2 chunks of flesh


   Skills:
 - Level 1.5 Dodging
 - Level 1.1 Stealth
 * Level 3.7 Unarmed Combat
 - Level 2.0 Spellcasting
 - Level 0.6 Conjurations
   Level 0.6 Summonings
 - Level 0.6 Translocations


You had 2 spell levels left.
You knew the following spells:

 Your Spells              Type           Power        Failure   Level  Hunger
a - Magic Dart            Conj           #...         17%         1    #......
b - Blink                 Tloc           N/A          28%         2    ###....
c - Repel Missiles        Chrm/Air       #.....       34%         2    ###....


Dungeon Overview and Level Annotations

Branches:
Dungeon (3/15)

Altars:
Fedhas
Kikubaaqudgha
Okawaru


Innate Abilities, Weirdness & Mutations

You are too large for most types of armour.
You have claws for hands.
Your metabolism is lightning-fast.
You like to eat raw meat.
You heal very quickly.
You are covered in fur (AC +1).
You have very tough skin (AC +2).


Message History

The orc hits you.
You claw the orc!
You kill the orc!
Okawaru accepts your kill. The bat hits you but does no damage.
The bat hits you. The gnoll barely misses you. The ogre barely misses you.
You see here an orc corpse.
You claw the ogre!
The ogre is moderately wounded.
The bat closely misses you. The gnoll hits you but does no damage.
The bat hits you but does no damage.
There is a stone staircase leading up, spattered with blood here.
You claw the bat!
You kill the bat!
Okawaru accepts your kill.
You claw the ogre!
The ogre is heavily wounded.
The ogre hits you with a giant club!!
Ouch! That really hurt!
You die...

. ......# #.
##.....# ..
......## #
#g##...... ##. #
......##.#.
...#.##.........
#..............
###.##O#..##.#.
#.)@........
####.#####.# #.#
# #.. ####


You could see an ogre.

Vanquished Creatures
  3 gnolls (D:3)
  An adder (D:2)
  A worm (D:2)
  A giant gecko (D:1)
  2 orcs
  A bat (D:3)
  4 goblins
  3 hobgoblins (D:2)
  A quokka (D:2)
  4 giant newts
  7 kobolds
  3 rats
31 creatures vanquished.

Notes
Turn   | Place    | Note
--------------------------------------------------------------
     0 | D:1      | rftp080 the Troll Wizard began the quest for the Orb.
     0 | D:1      | Reached XP level 1. HP: 16/16 MP: 2/2
   174 | D:1      | Reached skill level 1 in Unarmed Combat
   342 | D:1      | Reached XP level 2. HP: 17/24 MP: 4/4
   360 | D:1      | Learned a level 2 spell: Blink
   363 | D:1      | Learned a level 2 spell: Repel Missiles
   520 | D:2      | Found an ancient bone altar of Kikubaaqudgha.
   528 | D:2      | Reached skill level 2 in Unarmed Combat
   560 | D:2      | Found an iron altar of Okawaru.
   562 | D:2      | Found a blossoming altar of Fedhas.
   587 | D:2      | Became a worshipper of Warmaster Okawaru
   950 | D:2      | Reached XP level 3. HP: 25/31 MP: 5/5
  1410 | D:2      | Reached skill level 3 in Unarmed Combat
  1417 | D:3      | Noticed an ogre
  1440 | D:3      | Reached XP level 4. HP: 25/39 MP: 6/6
  1446 | D:3      | Slain by an ogre

Skill      XL: |  1  2  3 |
---------------+----------+-----
Unarmed Combat | 1 2 3 |  3.7
Dodging        | |  1.5
Stealth        | |  1.1
Spellcasting   | |  2.0
Conjurations   | |  0.6
Summonings     | |  0.6
Translocations | |  0.6

Action                   |  1- 3 |  4- 6 || total
-------------------------+-------+-------++-------
Melee: Unarmed           |    98 |     4 ||   102
 Cast: Repel Missiles    |     1 |       ||     1
  Eat: Chunk             |    16 |       ||    16
Armor: Robe              |    36 |     3 ||    39
Dodge: Dodged            |    49 |     3 ||    52
